 Dungeon Crawl Stone Soup version 0.22-a0-565-gfc6459a524 (webtiles) character file.

20 PikkenKukken the Skirmisher (level 2, 0/25 HPs)
             Began as a Demonspawn Fighter on June 28, 2018.
             Succumbed to an adder's poison
             ... on level 1 of the Dungeon.
             The game lasted 00:02:33 (798 turns).

PikkenKukken the Skirmisher (Demonspawn Fighter)     Turns: 798, Time: 00:02:33

Health: 0/25       AC:  7    Str: 16    XL:     2   Next: 58%
Magic:  2/2        EV:  9    Int:  9    God:
Gold:   31         SH:  0    Dex: 12    Spells: 1/1 levels left

rFire    . . .     SeeInvis +   a - +1 war axe
rCold    . . .     Gourm    .   (no shield)
rNeg     . . .     Faith    .   b - +0 scale mail
rPois    .         Spirit   .   (helmet restricted)
rElec    .         Reflect  .   (no cloak)
rCorr    .         Harm     .   (no gloves)
MR       .....                  (no boots)
Stlth    +.........             (no amulet)
HPRegen  0.08/turn              e - ring of see invisible
MPRegen  0.08/turn              (no ring)

@: lethally poisoned (0 -> -2), hasted, very quick
A: claws 1, horns 1, nightstalker 1, shaggy fur 1, MP-powered wands
a: no special abilities


You were on level 1 of the Dungeon.
You were not hungry.

You visited 1 branch of the dungeon, and saw 2 of its levels.

You collected 31 gold pieces.

Inventory:

Hand Weapons
 a - a +1 war axe (weapon)
Missiles
 n - 16 bolts
Armour
 b - a +0 scale mail (worn)
Jewellery
 e - a ring of see invisible (left claw)
Scrolls
 i - a scroll of fear
 m - a scroll of amnesia {unknown}
Potions
 d - a potion of might
 k - a potion of lignification
Comestibles
 f - 2 rations
 l - a chunk of flesh


   Skills:
 + Level 3.8 Fighting
 - Level 1.7 Axes
 - Level 2.7 Armour
 + Level 0.3 Dodging
   Level 2.7 Shields


You had one spell level left.
You didn't know any spells.
Your spell library was empty.

Dungeon Overview and Level Annotations

Branches:
Dungeon (2/15)

Altars:


Innate Abilities, Weirdness & Mutations

You are slightly more attuned to the shadows.
You have sharp fingernails.
You have a pair of small horns on your head.
You are covered in fur. (AC +1)
You expend magic power (3 MP) to strengthen your wands.


Message History

It was a potion of haste.
You feel yourself speed up.
* * * LOW HITPOINT WARNING * * *
You feel sick.
Things that are here:
a kobold corpse; a leopard gecko corpse
There is an open door here.
* * * LOW HITPOINT WARNING * * *
You feel sick.
There is an open door here.
There is a lethal amount of poison in your body!
There is a lethal amount of poison in your body!
* * * LOW HITPOINT WARNING * * *
You feel sick.
* * * LOW HITPOINT WARNING * * *
You feel sick.
Unknown command.
Unknown command.
* * * LOW HITPOINT WARNING * * *
You feel sick.
You die...

############### ######### #
#.............# #.......#
#####.............# ###.......#
..................# ###.'.......#
#######+#...#########...#.......#
# ###...#..# ###...###........ #
###...####.####...### ###.(...#
###...#.# #.##.@.### ##...#...
....###.####....### #...###..
......#.#.......# #...# #..
.)....#.........# ##..#####.
......##........# #.........
########........# #####.........
........#.......# ##...#.⌠...<...
#####...#..(....###..#.#.........
....#...#.......##..##.#.........


There were no monsters in sight!

Vanquished Creatures
  An adder (D:1)
  A leopard gecko (D:1)
  A goblin (D:1)
  A ball python (D:2)
  A bat (D:1)
  A frilled lizard (D:1)
  3 kobolds
  3 rats
12 creatures vanquished.

Notes
Turn   | Place    | Note
-------+----------+-------------------------------------------
     0 | D:1      | PikkenKukken the Demonspawn Fighter began the quest for the Orb.
     0 | D:1      | Reached XP level 1. HP: 18/18 MP: 1/1
   753 | D:1      | Gained mutation: You are slightly more attuned to the shadows. [demonic ancestry]
   753 | D:1      | Reached XP level 2. HP: 19/24 MP: 2/2
   769 | D:1      | Gained mutation: You have sharp fingernails. [potion of mutation]
   769 | D:1      | Gained mutation: You have a pair of small horns on your head. [potion of mutation]
   769 | D:1      | Gained mutation: You are covered in fur. (AC +1) [potion of mutation]
   769 | D:1      | Gained mutation: You expend magic power (3 MP) to strengthen your wands. [potion of mutation]
   786 | D:1      | HP: 1/25 [poisoned by an adder]
   792 | D:1      | HP: 1/25 [poisoned by an adder]
   798 | D:1      | Succumbed to an adder's poison

Vault maps used:
D:1:      dpeg_arrival_arbitrary_c, eino_curves_01
D:2:      lemuel_doored_altar, minmay_misc_feat_more_columns

Action                   || total
-------------------------++-------
Melee: War axe           ||    37
  Use: Scroll            ||     6
       Potion            ||     4
Armor: Scale mail        ||    37
Dodge: Dodged            ||    27
Block: Shield            ||     8

Table legend:
 A = Spawn XP
 B = Non-spawn XP
 C = Spawn XP percentage of total XP
 D = Spawn monster count
 E = Non-spawn monster count
 F = Spawn count percentage of total count
 G = Total turns spent on level
                    A         B        C        D         E        F      G
               +---------+---------+-------+---------+---------+-------+---------
         Total |       0 |      29 |   0.0 |       0 |      12 |   0.0 |   798
               +---------+---------+-------+---------+---------+-------+---------
           D:1 |       0 |      25 |   0.0 |       0 |       9 |   0.0 |   744
           D:2 |       0 |       4 |   0.0 |       0 |       3 |   0.0 |    54
               +---------+---------+-------+---------+---------+-------+---------
